 Dungeon Crawl Stone Soup version 0.24-a0-699-g5a66b1aa3b (webtiles) character file.

Game seed: 15245438357635984114, levelgen mode: deterministic

1490 Arixos the Thaumaturge (level 8, 0/60 HPs)
             Began as a Mummy Necromancer on Sept 29, 2019.
             Was a Follower of Makhleb.
             Slain by a sky beast (2 damage)
             ... on level 6 of the Dungeon.
             The game lasted 01:04:05 (7033 turns).

Arixos the Thaumaturge (Mummy Necromancer)          Turns: 7033, Time: 01:04:06

Health: 0/60       AC:  3    Str: 12    XL:     8   Next: 51%
Magic:  20/20      EV: 11    Int: 16    God:    Makhleb [*.....]
Gold:   261        SH:  0    Dex: 12    Spells: 19/23 levels left

rFire    x . .     SeeInvis .   h - +4 flail (protect)
rCold    + + .     Gourm    .   (no shield)
rNeg     + + +     Faith    .   e - -2 leather armour (curse)
rPois    ∞         Spirit   .   c - +0 helmet
rElec    .         Reflect  .   m - -2 cloak (curse)
rCorr    .         Harm     .   j - +1 pair of gloves
MR       ++...                  (no boots)
Stlth    +.........             (no amulet)
HPRegen  0.20/turn              f - ring of protection from cold
MPRegen  0.17/turn              i - ring of protection from magic

@: no status effects
A: no food or potions, fire vulnerability, cold resistance 1, negative energy
resistance 3, torment resistance, unbreathing
a: Renounce Religion


You were on level 6 of the Dungeon.
You worshipped Makhleb.
Makhleb was aware of your devotion.
You were not hungry.

You visited 1 branch of the dungeon, and saw 6 of its levels.

You collected 261 gold pieces.

Inventory:

Hand Weapons
 h - a +4 flail of protection (weapon)
 o - a +1 whip of venom
Armour
 b - a +1 robe of magic resistance
 c - a +0 helmet (worn)
 e - a cursed -2 leather armour (worn)
 j - a +1 pair of gloves (worn)
 k - a cursed +0 ring mail
 m - a cursed -2 cloak (worn)
 p - a cursed +0 leather armour
 r - a +0 robe
Jewellery
 f - a ring of protection from cold (left hand)
 i - a ring of protection from magic (right hand)
 q - an uncursed ring of flight
Wands
 d - a wand of polymorph (6)
Scrolls
 g - a scroll of teleportation
 l - 2 scrolls of amnesia
 n - a scroll of magic mapping


   Skills:
 + Level 4.2 Fighting
 + Level 2.8 Maces & Flails
 - Level 1.5 Dodging
 - Level 1.5 Stealth
 * Level 8.0 Spellcasting
 * Level 7.5 Necromancy


You had 19 spell levels left.
You knew the following spells:

 Your Spells              Type           Power        Failure   Level  Hunger
a - Pain                  Necr           ####         1%          1    N/A
b - Vampiric Draining     Necr           ####......   1%          3    N/A

Your spell library contained the following spells:

 Spells                   Type           Power        Failure   Level  Hunger
 Animate Skeleton         Necr           N/A          1%          1    N/A
 Animate Dead             Necr           N/A          6%          4    N/A
 Regeneration             Chrm/Necr      Unusable     N/A         3    N/A

Dungeon Overview and Level Annotations

Branches:
Dungeon (6/15)
 Temple: D:4-7

Altars:
Fedhas
Makhleb
Uskayaw
The Shining One


Innate Abilities, Weirdness & Mutations

You do not eat or drink.
Your flesh is vulnerable to fire.
You are immune to poison.
Your flesh is cold resistant. (rC+)
You are immune to negative energy. (rN+++)
You are immune to unholy pain and torment.
You can survive without breathing.


Message History

Something hits you. Something shocks you.
* * * LOW HITPOINT WARNING * * *
Something hits you but does no damage.
You closely miss something. Something hits you but does no damage.
You miss something. Something hits you.
* * * LOW HITPOINT WARNING * * *
Something shocks you.
* * * LOW HITPOINT WARNING * * *
Casting: Vampiric Draining (safe; 1% risk of failure)
Confirm with . or Enter, or press ? or * to list all spells.
You can't see any susceptible monsters within range! (Use Z to cast anyway.)
Casting: Vampiric Draining (safe; 1% risk of failure)
Confirm with . or Enter, or press ? or * to list all spells.
You don't know that spell.
Something hits you.
* * * LOW HITPOINT WARNING * * *
Something shocks you.
* * * LOW HITPOINT WARNING * * *
You miss something. Something hits you.
You die...

#..# ....# #..# .....#
##..# .....## ....
...[..# #..# #.....#
..# #.....#
#)########.....#
###.###$#{@..........#
.....................#
####.##.#............#
# #.#............#
#.#............#
..#............#
..#.......##'#.#
#..#.......##.#.#
#..#.......##.# #


There were no monsters in sight!

Vanquished Creatures
  An orc warrior (D:5)
  An ice beast (D:5)
  A sky beast (D:5)
  5 ogres
  A bullfrog (D:3)
  3 scorpions (D:4)
  A howler monkey (D:5)
  2 bullfrog zombies (D:4)
  A crimson imp (D:5)
  An orc priest (D:4)
  3 hounds
  A centaur skeleton (D:4)
  Terence (D:3)
  2 iguanas
  2 worker ants
  2 howler monkey zombies
  A worker ant zombie (D:4)
  2 adders
  A howler monkey skeleton (D:4)
  A shadow imp (D:5)
  An ooze (D:2)
  An adder skeleton (D:4)
  3 adder zombies
  2 worms
  A dart slug (D:2)
  5 leopard geckos
  8 orcs
  8 bats
  5 giant cockroaches
  6 goblins
  11 hobgoblins
  2 jackals (D:2)
  2 quokkas
  A ball python skeleton (D:4)
  5 frilled lizards
  A giant cockroach zombie (D:4)
  A jackal skeleton (D:5)
  14 kobolds
  A quokka skeleton (D:4)
  8 rats
  A withered plant (D:4)
120 creatures vanquished.

Notes
Turn   | Place    | Note
-------+----------+-------------------------------------------
     0 | D:1      | Arixos the Mummy Necromancer began the quest for the Orb.
     0 | D:1      | Reached XP level 1. HP: 13/13 MP: 4/4
   169 | D:1      | Reached skill level 3 in Spellcasting
   173 | D:1      | Reached XP level 2. HP: 18/20 MP: 0/6
   224 | D:1      | Learned a level 1 spell: Animate Skeleton
   941 | D:1      | Reached skill level 1 in Fighting
  1066 | D:1      | Reached XP level 3. HP: 26/26 MP: 3/7
  1227 | D:2      | Learned a level 3 spell: Vampiric Draining
  1731 | D:2      | Found a hide-covered altar of Uskayaw.
  1731 | D:2      | Found a blossoming altar of Fedhas.
  2313 | D:2      | Reached skill level 4 in Spellcasting
  2313 | D:2      | Reached XP level 4. HP: 32/32 MP: 7/10
  2644 | D:3      | Noticed a bullfrog
  2656 | D:3      | Killed a bullfrog
  2656 | D:3      | Reached skill level 5 in Necromancy
  2766 | D:3      | Reached XP level 5. HP: 38/38 MP: 8/11
  2835 | D:3      | Noticed Terence
  2841 | D:3      | Killed Terence
  3339 | D:3      | Found a burning altar of Makhleb.
  3344 | D:3      | Reached skill level 5 in Spellcasting
  3353 | D:3      | Became a worshipper of Makhleb the Destroyer
  3685 | D:4      | Reached XP level 6. HP: 44/44 MP: 13/13
  3798 | D:4      | Reached skill level 1 in Maces & Flails
  3804 | D:4      | HP: 1/46 [scorpion (7)]
  4129 | D:4      | Found a glowing golden altar of the Shining One.
  4359 | D:4      | Reached skill level 6 in Spellcasting
  4412 | D:4      | Reached XP level 7. HP: 21/51 MP: 6/16
  4434 | D:4      | Reached * piety under Makhleb
  4907 | D:5      | Entered Level 5 of the Dungeon
  5272 | D:5      | Reached skill level 7 in Spellcasting
  5791 | D:5      | Reached XP level 8. HP: 26/60 MP: 11/18
  7008 | D:6      | Reached skill level 8 in Spellcasting
  7032 | D:6      | HP: 2/60 [something (5)]
  7033 | D:6      | Slain by a sky beast

Levels and vault maps discovered:
D:1:      dpeg_arrival_shelter, layout_basic
D:2:      layout_basic, gammafunk_temple_overflow_elements
D:3:      layout_loops_ring, serial_glass, glass_columns_a, glass_columns_a,
          glass_columns_b, glass_columns_b, makhleb_blood_cavern_becter,
          uniq_terence
D:4:      layout_rooms, old_standard_altar, serial_undead, serial_undead_d,
          serial_undead_b, serial_undead_b, serial_undead_b, serial_undead_c,
          first_ration, grunt_ministairs_14, grunt_decor_mini_mirrors
D:5:      layout_layer_cave, nrook_loot_triangle
D:6:      layout_basic, overflow_temple_1_default,
          minmay_temple_entry_glassed_door, kennysheep_nondescript,
          uniq_eustachio

Skill      XL: |  1  2  3  4  5  6  7  8 |
---------------+-------------------------+-----
Spellcasting   | 3 4 5 6 7 8 |  8.0
Fighting       | 1 2 3 4 |  4.2
Necromancy     | 5 6 7 |  7.5
Maces & Flails | 1 2 |  2.8
Dodging        | |  1.5
Stealth        | |  1.5

Action                   |  1- 3 |  4- 6 |  7- 9 || total
-------------------------+-------+-------+-------++-------
Melee: Unarmed           |     6 |       |       ||     6
       Club              |     5 |       |       ||     5
       Whip              |     5 |     1 |       ||     6
       Flail             |       |   131 |   149 ||   280
 Cast: Pain              |    80 |    32 |     2 ||   114
       Animate Skeleton  |     7 |       |       ||     7
       Vampiric Draining |     1 |     5 |    12 ||    18
  Use: Scroll            |     6 |     3 |     3 ||    12
 Stab: Sleeping          |       |       |     1 ||     1
Armor: Robe              |     3 |       |       ||     3
       Leather armour    |     1 |    65 |    59 ||   125
Dodge: Dodged            |    17 |    97 |    65 ||   179

Table legend:
 A = Non-vault XP
 B = Vault XP
 C = Vault XP percentage of total XP
 D = Non-vault monster count
 E = Vault monster count
 F = Vault count percentage of total count
                 A         B        C        D         E       F
            +---------+---------+-------+---------+---------+-------
      Total |    1824 |     305 |  14.3 |     104 |      15 |  12.6
            +---------+---------+-------+---------+---------+-------
        D:1 |      41 |       0 |   0.0 |      27 |       0 |   0.0
        D:2 |      57 |       0 |   0.0 |      22 |       0 |   0.0
        D:3 |     128 |      78 |  37.9 |      17 |       2 |  10.5
        D:4 |     478 |     227 |  32.2 |      17 |      13 |  43.3
        D:5 |     962 |       0 |   0.0 |      18 |       0 |   0.0
        D:6 |     158 |       0 |   0.0 |       3 |       0 |   0.0
            +---------+---------+-------+---------+---------+-------
